 Dungeon Crawl Stone Soup version 0.28.0-43-g3370ac3207 (webtiles) character file.

Game seed: 18366783808578957317

67 xzight the Skirmisher (level 4, -1/43 HPs)
             Began as a Gargoyle Fighter on Mar 11, 2022.
             Killed from afar by an orc wizard (2 damage)
             ... with a puff of flame
             ... on level 3 of the Dungeon.
             The game lasted 00:03:36 (1898 turns).

xzight the Skirmisher (Gargoyle Fighter)            Turns: 1898, Time: 00:03:37

Health: -1/43      AC: 22    Str: 21    XL:     4   Next: 18%
Magic:  4/4        EV:  2    Int:  9    God:
Gold:   24         SH:  4    Dex:  9    Spells: 3/3 levels left

rFire   . . .      SeeInvis .   a - +0 war axe
rCold   . . .      Faith    .   c - +0 buckler
rNeg    + . .      Spirit   .   (armour currently unavailable)
rPois   ∞          Reflect  .   (helmet currently unavailable)
rElec   .          Harm     .   (cloak currently unavailable)
rCorr   .          Rampage  .   (gloves currently unavailable)
Will    .....      NoTele   +   (boots currently unavailable)
Stlth   +.........              h - amulet of the acrobat
HPRegen 0.14/turn               (no ring)
MPRegen 0.09/turn               (no ring)

@: tree-form
A: stationary, stasis, torment immunity, boosted hp, sickness immunity, AC +3,
negative energy resistance 1, (electricity resistance), torment resistance 1,
petrification resistance
a: no special abilities


You were on level 3 of the Dungeon.
You were a tree.
You visited 1 branch of the dungeon, and saw 3 of its levels.

You collected 68 gold pieces.
You spent 44 gold pieces at shops.


Innate Abilities, Weirdness & Mutations

You are a tree.
Your roots penetrate the ground, keeping you stationary.
You cannot be teleported.
You are immune to unholy pain and torment.
Your maximum health is greatly increased.
Your equipment is partially melded.
You are immune to sickness and miasma.
((Your stone body is resilient. (AC +3)))
You are immune to poison.
You resist negative energy. (rN+)
((You are resistant to electric shocks. (rElec)))
You are resistant to unholy torment.
You are immune to petrification.


   Skills:
 + Level 3.8 Fighting
 * Level 2.8 Axes
 + Level 3.8 Armour
 + Level 3.7 Shields


You had 3 spell levels left.
You didn't know any spells.
Your spell library was empty.

Inventory:

Hand Weapons
 a - a +0 war axe (weapon)
Armour
 c - a +0 buckler (worn)
 l - a +0 plate armour (melded)
Jewellery
 h - an amulet of the acrobat (around neck)
Scrolls
 b - a scroll of amnesia {unknown}
 f - a scroll of summoning {unknown}
 g - 2 scrolls of blinking {unknown}
 i - a scroll of torment {unknown}
 j - 2 scrolls of enchant weapon
 m - a scroll of vulnerability {unknown}
Potions
 d - a potion of might
 k - a potion of magic

Dungeon Overview and Level Annotations

Branches:
Dungeon (3/15)

Altars:
Kikubaaqudgha

Shops:
D:2

? ..<............ #
.....##.###.... #.
###.##. ...# ##... #.#
##..............#.#
##..##..#.##.#######.#.#
.....#....##.# ##....
#(.........# #.....
.♣...$.....# #....###
♣⌠♣...♣...####...#.....
.♣..##{)#....##........
♣...♣.#.....#.##....####
⌠ ♣⌠♣...##.#.##...#
♣..#.##.......#
♣...♣..#.......## ##
♣⌠♣.♣⌠♣..........#####.
..♣...♣..#...###........
♣...♣....♣..♣..∩..♣..∩.#


There were no monsters in sight!


Message History

Something hits you but does no damage.
You completely miss something.
You hear some strange, mumbled words.
Something tries to affect you, but you resist.
You feel less confused.
Unknown command.
Something hits you but does no damage. Something hits you.
* * * LOW HITPOINT WARNING * * *
You see here a +0 whip.
You barely miss something.
You hear some strange, mumbled words.
A puff of flame appears from out of thin air!
The puff of flame hits you!
* * * LOW HITPOINT WARNING * * *
Something hits you but does no damage.
Really quaff the potion of lignification?
You turn into a tree.
Your +0 plate armour melds into your body.
Your roots penetrate the ground.
Something hits you.
* * * LOW HITPOINT WARNING * * *
You cannot move.
You cannot move.
You cannot move.
You miss something. Something hits you but does no damage.
You miss something.
You hear some strange, mumbled words.
A puff of flame appears from out of thin air!
The puff of flame hits you.
You die...

Skill      XL: |  1 |
---------------+----+-----
Axes           | 2 |  2.8
Fighting       | |  3.8
Armour         | |  3.8
Shields        | |  3.7

Action                   |  1- 3 |  4- 6 || total
-------------------------+-------+-------++-------
Melee: War axe           |   114 |    20 ||   134
  Use: Scroll            |     3 |       ||     3
       Potion            |       |     1 ||     1
Armor: Scale mail        |    64 |       ||    64
       Plate armour      |     7 |    18 ||    25
       Skin              |       |     1 ||     1
Dodge: Dodged            |    70 |     6 ||    76
Block: Buckler           |    25 |     4 ||    29

Levels and vault maps discovered:
D:1:      nzn_arrival_depleted_hourglass, layout_rooms
D:2:      layout_basic, serial_shops, nicolae_lakefront_shop
D:3:      layout_rooms, mainiacjoe_overflow_catwalk,
          hellmonk_ecumenical_altar_arch_garden,
          corexii_item_surrounded_by_moat, kennysheep_doodads

Notes
Turn   | Place    | Note
-------+----------+-------------------------------------------
     0 | D:1      | xzight the Gargoyle Fighter began the quest for the Orb.
     0 | D:1      | Reached XP level 1. HP: 14/14 MP: 1/1
    93 | D:1      | Reached skill level 2 in Axes
   160 | D:1      | Reached XP level 2. HP: 19/19 MP: 2/2
   993 | D:2      | Reached XP level 3. HP: 21/23 MP: 3/3
  1436 | D:2      | Found Enocuy's Magic Scroll Shoppe.
  1445 | D:2      | Bought a scroll of identify for 22 gold pieces
  1445 | D:2      | Bought a scroll of identify for 22 gold pieces
  1710 | D:3      | Found an ancient bone altar of Kikubaaqudgha.
  1802 | D:3      | Found a faded altar of an unknown god.
  1816 | D:3      | Reached XP level 4. HP: 25/29 MP: 4/4
  1895 | D:3      | HP: 2/29 [something/puff of flame (12)]
  1898 | D:3      | Killed from afar by an orc wizard

Vanquished Creatures
  2 adders
  A worm (D:3)
  A dart slug (D:1)
  2 orcs (D:3)
  6 endoplasms
  A giant cockroach (D:1)
  5 goblins
  2 hobgoblins (D:1)
  3 jackals (D:2)
  A quokka (D:2)
  A ball python (D:2)
  5 bats
  2 frilled lizards
  5 kobolds
  6 rats
43 creatures vanquished.

Table legend: (Time is in decaauts)
 A = Elapsed time spent in this place.
 B = Non-inter-level travel time spent in this place.
 C = Inter-level travel time spent in this place.
 D = Time resting spent in this place.
 E = Time spent auto-exploring this place.
 F = Levels seen in this place.
 G = Mean time per level.
                   A        B        C        D        E       F      G
               +--------+--------+--------+--------+--------+-----+--------+
         Total |   1953 |   1919 |     34 |    517 |    987 |   3 |  651.0 |
       Dungeon |   1953 |   1919 |     34 |    517 |    987 |   3 |  651.0 |
               +--------+--------+--------+--------+--------+-----+--------+

Top non-repeatable levels by time:
     D:1: 1003 daAuts
     D:2: 714 daAuts
     D:3: 236 daAuts

Table legend:
 A = Non-vault XP
 B = Vault XP
 C = Vault XP percentage of total XP
 D = Non-vault monster count
 E = Vault monster count
 F = Vault count percentage of total count
                 A         B        C        D         E       F
            +---------+---------+-------+---------+---------+-------
      Total |      97 |       0 |   0.0 |      43 |       0 |   0.0
            +---------+---------+-------+---------+---------+-------
        D:1 |      33 |       0 |   0.0 |      21 |       0 |   0.0
        D:2 |      34 |       0 |   0.0 |      14 |       0 |   0.0
        D:3 |      30 |       0 |   0.0 |       8 |       0 |   0.0
            +---------+---------+-------+---------+---------+-------
